 Dungeon Crawl Stone Soup version 0.19-a0-1899-g2d93087 (webtiles) character file.

107 vev the Ruffian (level 4, -15/35 HPs)
             Began as a Draconian Arcane Marksman on Oct 19, 2016.
             Demolished by an ogre
             ... wielding a +0 giant spiked club
              (22 damage)
             ... on level 3 of the Dungeon.
             The game lasted 00:05:28 (1896 turns).

vev the Ruffian (Draconian Arcane Marksman)         Turns: 1896, Time: 00:05:28

Health: -15/35     AC:  6    Str: 13    XL:     4   Next: 57%
Magic:  5/5        EV: 12    Int: 13    God:
Gold:   141        SH:  0    Dex: 12    Spells: 1 memorised, 4 levels left

rFire  . . .     SeeInvis .       - Unarmed
rCold  . . .     Gourm    .     (armour unavailable)
rNeg   . . .     Faith    .     (no shield)
rPois  .         Spirit   .     (helmet restricted)
rElec  .         Reflect  .     (no cloak)
rCorr  .         Harm     .     h - +0 pair of gloves
MR     .....                    (no boots)
Stlth  +.........               (no amulet)
                                (no ring)
                                (no ring)

@: no status effects
A: unfitting armour, cold-blooded, AC +5
a: no special abilities


You were on level 3 of the Dungeon.
You were not hungry.

You visited 1 branch of the dungeon, and saw 3 of its levels.

You collected 141 gold pieces.

Inventory:

Missiles
 b - 3 javelins (quivered)
 e - 2 tomahawks of returning
 n - 6 tomahawks
Armour
 h - a +0 pair of gloves (worn)
Scrolls
 f - a scroll of random uselessness {unknown}
 g - a scroll of recharging {unknown}
 j - 3 scrolls of identify {unknown}
 k - 3 scrolls of teleportation {unknown}
 l - a scroll of remove curse {unknown}
 p - a scroll of noise {unknown}
Potions
 i - a potion of curing
 o - a potion of brilliance {unknown}
 r - a potion of agility {unknown}
Books
 a - a book of Debilitation

   Spells                             Type                      Level
   a - Corona                         Hexes                        1
   b - Slow                           Hexes                        2
   c - Gell's Gravitas                Hexes/Translocation          3
   d - Inner Flame                    Hexes/Fire                   3
   e - Cause Fear                     Hexes                        4
   f - Leda's Liquefaction            Hexes/Earth                  4
Comestibles
 d - 3 bread rations
 m - 2 fruits
 q - a meat ration


   Skills:
 - Level 1.1 Fighting
 - Level 1.7 Throwing
 - Level 1.7 Dodging
 + Level 4.2 Unarmed Combat
 - Level 1.0 Spellcasting
 - Level 2.6 Hexes


You had 4 spell levels left.
You knew the following spells:

 Your Spells              Type           Power        Failure   Level  Hunger
a - Corona                Hex            #......      12%         1    ##.....


Dungeon Overview and Level Annotations

Branches:
Dungeon (3/15)

Altars:


Innate Abilities, Weirdness & Mutations

Your plain brown scales are hard. (AC +5)
You cannot fit into any form of body armour.
You are cold-blooded and may be slowed by cold attacks.


Message History

Press: ? - help, Shift-Dir - straight line, f/p - ogre
Aim: an ogre, wielding a giant spiked club (severely wounded)
Okay, then.
A frilled lizard comes into view.
The frilled lizard moves out of view.
The frilled lizard hisses angrily.
Throwing (i - inventory. (,) - cycle):
b - 5 javelins (quivered)
Press: ? - help, Shift-Dir - straight line, f - adder, p - ogre
Aim: an adder You throw a javelin.
The javelin hits the ogre.
The ogre is severely wounded.
The ogre misses you.
Throwing (i - inventory. (,) - cycle):
b - 4 javelins (quivered)
Press: ? - help, Shift-Dir - straight line, f - frilled lizard, p - adder
Aim: a frilled lizard You throw a javelin.
The javelin hits the ogre.
The ogre is almost dead.
The ogre hits you with a giant spiked club!!
Ouch! That really hurt!
You die...

########## #l(SO@...#
###########.######.#
#...........######.##########
#.###..)..%S..Sl............####
#$#.###.######..###.........
......##.# #..# #.###.####
......#..#.# ####..###.# #
#.##......#.# ..........# #
#..#.#.#.# .##..#.###


You could see an ogre, an adder and a frilled lizard.

Vanquished Creatures
  Ijyb (D:2)
  3 adders
  An ooze (D:1)
  3 worms (D:2)
  A dart slug (D:1)
  5 bats
  A giant cockroach (D:1)
  7 goblins
  5 hobgoblins
  2 jackals (D:2)
  4 kobolds (D:1)
  2 quokkas (D:2)
  3 frilled lizards (D:2)
  5 rats
43 creatures vanquished.

Notes
Turn   | Place    | Note
-------+----------+-------------------------------------------
     0 | D:1      | vev the Draconian Arcane Marksman began the quest for the Orb.
     0 | D:1      | Reached XP level 1. HP: 16/16 MP: 2/2
    69 | D:1      | Reached skill level 1 in Unarmed Combat
   141 | D:1      | Reached XP level 2. HP: 23/23 MP: 3/3
   235 | D:1      | Reached skill level 2 in Unarmed Combat
   724 | D:1      | Reached XP level 3. HP: 28/28 MP: 4/4
   995 | D:2      | Noticed Ijyb
  1020 | D:2      | Killed Ijyb
  1020 | D:2      | Reached skill level 3 in Unarmed Combat
  1031 | D:2      | Reached XP level 4. HP: 9/35 MP: 1/5
  1654 | D:2      | Reached skill level 4 in Unarmed Combat
  1843 | D:3      | Noticed an ogre
  1864 | D:3      | HP: 3/35 [ogre/giant spiked club (11)]
  1896 | D:3      | Demolished by an ogre

Vault maps used:
D:1:      lemuel_arrival_river_bridge
D:2:      uniq_iyjb
D:3:      ecumenical_altar_1, minmay_shallow_snake_nest, uniq_crazy_yiuf_cottage

Skill      XL: |  1  2  3  4 |
---------------+-------------+-----
Unarmed Combat | 1 2 3 4 |  4.2
Fighting       | |  1.1
Throwing       | |  1.7
Dodging        | |  1.7
Spellcasting   | |  1.0
Hexes          | |  2.6

Action                   |  1- 3 |  4- 6 || total
-------------------------+-------+-------++-------
Melee: Unarmed           |    94 |    52 ||   146
       Tailslap          |     7 |     4 ||    11
       Punch             |     1 |       ||     1
Throw: Tomahawk          |    44 |     3 ||    47
       Javelin           |     2 |     6 ||     8
       Throwing net      |     2 |     2 ||     4
 Cast: Corona            |     7 |     9 ||    16
  Use: Potion            |     1 |       ||     1
  Eat: Chunk             |       |     4 ||     4
Armor: Skin              |    30 |     3 ||    33
Dodge: Dodged            |    68 |    25 ||    93
